 Dungeon Crawl Stone Soup version 0.31-a0-37-g98a128e1d9 (webtiles) character file.

Game seed: 3341835353514381739

4270 Ritel the Carver (level 10, -1/100 HPs)
             Began as a Demonspawn Gladiator on May 15, 2023.
             Was a Priest of Okawaru.
             Slain by Erica
             ... wielding a +4 scimitar of flaming
              (4 damage)
             ... on level 9 of the Dungeon.
             The game lasted 00:43:46 (8606 turns).

Ritel the Carver (Demonspawn Gladiator)             Turns: 8606, Time: 00:43:46

Health: -1/100     AC: 25    Str: 16    XL:     10   Next: 10%
Magic:  0/11       EV:  2    Int:  9    God:    Okawaru [***...]
Gold:   395        SH:  0    Dex: 24    Spells: 9/9 levels left

rFire   . . .        a - +0 long sword
rCold   . . .        (no shield)
rNeg    . . .        b - melded +0 leather armour
rPois   +            c - melded +0 helmet
rElec   .            (cloak currently unavailable)
rCorr   .            y - melded +1 pair of gloves
SInv    .            (boots currently unavailable)
Will    .....        A - amulet of guardian spirit
Stlth   ++           x - +6 ring of dexterity
HPRegen 0.36/turn    (no ring)
MPRegen 0.12/turn

%: guardian spirit
@: tree-form, attractive, slowed, very slow
A: stationary, stasis, torment immunity, boosted hp, (slimy green scales 3),
(demonic guardian 1), condensation shield, (weakness stinger 2)
a: Renounce Religion, Heroism


You were on level 9 of the Dungeon.
You worshipped Okawaru.
Okawaru was most pleased with you.
You were a tree.
You visited 2 branches of the dungeon, and saw 10 of its levels.
You also visited: Ossuary.

You collected 395 gold pieces.

Inventory:

Hand Weapons
 a - a +0 long sword (weapon)
 F - a +0 shortbow
Missiles
 d - 2 throwing nets
 e - 3 javelins (quivered)
 w - 13 poisoned darts
Armour
 b - a +0 leather armour (melded)
 c - a +0 helmet (melded)
 y - a +1 pair of gloves (melded)
Jewellery
 x - a +6 ring of dexterity (left branch)
 A - an amulet of guardian spirit (around neck)
 H - a ring of ice
Scrolls
 f - 2 scrolls of enchant armour {unknown}
 h - 13 scrolls of identify
 i - 2 scrolls of butterflies {unknown}
 k - 2 scrolls of silence {unknown}
 m - a scroll of enchant weapon {unknown}
 r - a scroll of fog {unknown}
 t - 6 scrolls of teleportation
 v - 2 scrolls of noise {unknown}
 z - 3 scrolls of fear {unknown}
 B - 4 scrolls of magic mapping {unknown}
 C - 3 scrolls of blinking {unknown}
 D - a scroll of brand weapon {unknown}
 I - a scroll of vulnerability {unknown}
 K - a scroll of immolation {unknown}
Potions
 g - 5 potions of brilliance
 j - 2 potions of might
 l - a potion of attraction
 n - a potion of lignification
 p - a potion of flight {unknown}
 q - 2 potions of haste {unknown}
 s - a potion of mutation {unknown}
 u - a potion of curing {unknown}
 E - 2 potions of invisibility
 G - 2 potions of magic {unknown}
 J - a potion of degeneration {unknown}


   Skills:
 - Level 2.2 Fighting
 * Level 13.1 Long Blades
 - Level 1.7 Throwing
 - Level 2.9 Dodging
 + Level 2.9 Shields
 + Level 1.4 Invocations


You had 9 spell levels left.
You didn't know any spells.
Your spell library contained the following spells:

 Spells                   Type           Power      Damage    Failure   Level
 Beastly Appendage        Tmut           0%         N/A       38%         1
 Magic Dart               Conj           0%         1d3       38%         1
 Slow                     Hex            0%         N/A       38%         1
 Cigotuvi's Dreadful Rot  Necr/Pois/Air  0%         N/A       52%         2
 Searing Ray              Conj           0%         2d4       52%         2
 Wereblood                Tmut           0%         N/A       52%         2
 Confusing Touch          Hex            0%         N/A       77%         3
 Hailstorm                Conj/Ice       0%         3d3       77%         3
 Ignite Poison            Fire/Tmut/Pois 0%         N/A       77%         3
 Spider Form              Tmut/Pois      0%         N/A       77%         3
 Vampiric Draining        Necr           0%         2d6       77%         3
 Fulminant Prism          Conj/Hex       0%         3d5       99%         4
 Passage of Golubria      Tloc           0%         N/A       99%         4
 Petrify                  Tmut/Erth      0%         N/A       99%         4
 Borgnjor's Vile Clutch   Necr/Erth      0%         N/A       100%        5
 Freezing Cloud           Conj/Ice/Air   0%         6-21      100%        5
 Metabolic Englaciation   Hex/Ice        0%         N/A       100%        5
 Yara's Violent Unravell  Hex/Tmut       0%         3d3       100%        5
 Conjure Ball Lightning   Conj/Air       0%         3x3d6     100%        6
 Statue Form              Tmut/Erth      0%         N/A       100%        6
 Tukima's Dance           Hex            Unusable   N/A       N/A         3
 Animate Dead             Necr           Unusable   N/A       N/A         4
 Death Channel            Necr           Unusable   N/A       N/A         6

Dungeon Overview and Level Annotations

Branches:
Dungeon (9/15)             Temple (1/1) D:5         Ossuary (visited)
   Lair: D:8-11         Orc: D:9-12

Altars:
Ashenzari
Cheibriados
Dithmenos
Gozag
Kikubaaqudgha
Makhleb
Nemelex Xobeh
Okawaru
Sif Muna
Uskayaw

Shops:
D:7 (   D:8 =

Annotations:
D:9 Erica


Innate Abilities, Weirdness & Mutations

You are a tree.
Your roots penetrate the ground, keeping you stationary.
You cannot be teleported.
You are immune to unholy pain and torment.
Your maximum health is greatly increased.
Your equipment is partially melded.
((You are completely covered in slimy green scales. (AC +4, rPois)))
((A weak demonic guardian rushes to your aid.))
A meltable shield of frost defends you. (SH +0)
((You have a tail ending in a sharp stinger.))


Message History

Something burns you.
* * * LOW HITPOINT WARNING * * *
It was a potion of heal wounds.
You feel much better.
You hear a zap.
Something tries to affect you, but you resist.
As you read the scroll labelled LEN RANA LUVVOLUC, it crumbles to dust.
It is a scroll of identify.
t - 6 scrolls of teleportation You hear some strange, mumbled words.
A bolt of poison appears from out of thin air!
The bolt of poison hits you. You resist.
You hear some strange, mumbled words.
A lance of force appears from out of thin air!
The lance of force hits you!
* * * LOW HITPOINT WARNING * * *
Okay, then.
You feel much better.
You hear a zap.
Something tries to affect you, but you resist.
The now-empty wand crumbles to dust.
You cannot move.
You cannot move.
You cannot move.
You cannot move.
Throw: 5 javelins
Press: ? - help, Q - select action, (/) - cycle Shift-Dir - straight line You throw a javelin.
Something hits you. Something burns you. Something hits you!
* * * LOW HITPOINT WARNING * * *
Something burns you.
* * * LOW HITPOINT WARNING * * *
Throw: 4 javelins
Press: ? - help, Shift-Dir - straight line You throw a javelin.
Something completely misses you. Something hits you!
* * * LOW HITPOINT WARNING * * *
Something burns you.
* * * LOW HITPOINT WARNING * * *
Something hits you.
You die...

######### ........#
........# #######
........#######.♣.>.#
........##...)).{...#
...........####.....#
........#### #.....#
........# #.....#
##)###### #.....#
#.## ##'#### #).#
#(.# ##..# ##.#


There were no monsters in sight!

Vanquished Creatures
  A two-headed ogre (D:9)
  3 yaks (D:8)
  A steam dragon (D:7)
  An acid dragon (D:8)
  A water moccasin (D:7)
  A black bear (D:7)
  A sky beast (D:7)
  4 orc warriors
  2 ice beasts
  3 centaurs
  An ogre (D:6)
  2 phantoms (D:4)
  A bullfrog (D:8)
  3 kobold brigands (D:7)
  3 necrophages (D:4)
  A gnoll sergeant (D:9)
  4 wights
  3 killer bees (D:9)
  An electric eel (D:7)
  A human zombie (D:4)
  A centaur zombie (D:4)
  3 hounds
  A jelly (D:6)
  3 orc priests
  3 iguanas
  6 orc wizards
  4 mummies
  3 gnolls (D:9)
  2 adders
  2 shadow imps
  2 white imps
  3 adder zombies (D:4)
  A worm (D:2)
  4 dart slugs
  24 orcs
  5 spectral bats (Ossuary)
  15 bats
  9 endoplasms
  5 giant cockroaches
  12 gnoll zombies (Ossuary)
  7 goblins
  4 hobgoblins
  10 jackals
  20 kobolds
  8 quokkas
  5 ball pythons
  2 bat simulacra (Ossuary)
  2 goblin simulacra (Ossuary)
  5 goblin zombies (Ossuary)
  3 hobgoblin zombies (Ossuary)
  A kobold simulacrum (Ossuary)
  6 kobold zombies (Ossuary)
  4 orc zombies (Ossuary)
  11 rats
  2 rat simulacra (Ossuary)
  3 spectral goblins (Ossuary)
  2 spectral kobolds (Ossuary)
  5 spectral rats (Ossuary)
246 creatures vanquished.

Vanquished Creatures (collateral kills)
  An adder (D:4)
1 creature vanquished.

Grand Total: 247 creatures vanquished

Notes
Turn   | Place    | Note
-------+----------+-------------------------------------------
     0 | D:1      | Ritel the Demonspawn Gladiator began the quest for the Orb.
     0 | D:1      | Reached XP level 1. HP: 16/16 MP: 1/1
   232 | D:1      | Gained mutation: You are partially covered in slimy green
                  | scales. (AC +2) [demonic ancestry]
   232 | D:1      | Reached XP level 2. HP: 22/22 MP: 2/2
   259 | D:1      | Reached skill level 3 in Long Blades
   664 | D:1      | Gained mutation: You have a small tail. [demonic ancestry]
   664 | D:1      | Reached XP level 3. HP: 27/27 MP: 3/3
   920 | D:2      | Found a sparkling altar of Nemelex Xobeh.
   979 | D:2      | Found a faded altar of an unknown god.
  1155 | D:2      | Reached skill level 4 in Long Blades
  1313 | D:2      | Gained mutation: A weak demonic guardian rushes to your
                  | aid. [demonic ancestry]
  1313 | D:2      | Reached XP level 4. HP: 29/33 MP: 4/4
  2509 | D:4      | Reached skill level 5 in Long Blades
  2527 | D:4      | Gained mutation: A meltable shield of frost defends you.
                  | (SH +0) [demonic ancestry]
  2527 | D:4      | Reached XP level 5. HP: 20/38 MP: 5/5
  2639 | D:4      | Noticed an orc warrior
  2694 | D:4      | Noticed a phantom
  2759 | D:5      | Entered Level 5 of the Dungeon
  2885 | D:5      | Found a sand-covered staircase.
  2897 | Ossuary  | Entered an ossuary
  3552 | D:5      | Noticed an ice beast
  3582 | D:5      | Reached skill level 6 in Long Blades
  3582 | D:5      | Reached XP level 6. HP: 32/44 MP: 6/6
  3594 | D:5      | Killed an ice beast
  3847 | D:4      | Found a hide-covered altar of Uskayaw.
  3982 | D:5      | Found a staircase to the Ecumenical Temple.
  3992 | Temple   | Entered the Ecumenical Temple
  4049 | Temple   | Became a worshipper of Warmaster Okawaru
  4100 | D:5      | Found a sparkling altar of Nemelex Xobeh.
  4461 | D:6      | Found an opulent altar of Gozag.
  4464 | D:6      | Found a shimmering blue altar of Sif Muna.
  4489 | D:6      | Reached skill level 7 in Long Blades
  4489 | D:6      | Gained mutation: You are mostly covered in slimy green
                  | scales. (AC +3) [demonic ancestry]
  4489 | D:6      | Reached XP level 7. HP: 25/50 MP: 2/7
  4590 | D:6      | Found a broken altar of Ashenzari.
  4708 | D:6      | Got the Reference Book on Leaden Injury
  4734 | D:6      | Reached * piety under Okawaru
  4735 | D:6      | Reached skill level 8 in Long Blades
  5403 | D:4      | Reached skill level 1 in Shields
  5403 | D:4      | Reached XP level 8. HP: 25/56 MP: 4/8
  5721 | D:4      | Reached skill level 9 in Long Blades
  5992 | D:4      | Found an ancient bone altar of Kikubaaqudgha.
  6016 | D:4      | Reached skill level 10 in Long Blades
  6418 | D:7      | Reached ** piety under Okawaru
  6479 | D:7      | Gained mutation: You are completely covered in slimy green
                  | scales. (AC +4, rPois) [demonic ancestry]
  6479 | D:7      | Reached XP level 9. HP: 59/61 MP: 7/9
  6508 | D:7      | Found a shadowy altar of Dithmenos.
  6511 | D:7      | Reached skill level 11 in Long Blades
  6715 | D:7      | Found Miriv's Weapon Boutique.
  6933 | D:8      | Found Kulidweh's Jewellery Shoppe.
  7456 | D:8      | Reached skill level 12 in Long Blades
  7456 | D:8      | Reached skill level 1 in Invocations
  7980 | D:9      | Reached *** piety under Okawaru
  8107 | D:9      | Noticed a two-headed ogre
  8121 | D:9      | Killed a two-headed ogre
  8122 | D:9      | Reached skill level 13 in Long Blades
  8122 | D:9      | Gained mutation: You have a tail ending in a sharp stinger.
                  | [demonic ancestry]
  8122 | D:9      | Reached XP level 10. HP: 67/67 MP: 7/11
  8584 | D:9      | Noticed Erica
  8606 | D:9      | HP: 3/100 [something (6)]
  8606 | D:9      | Slain by Erica

Illustrated notes

Levels and vault maps discovered:
D:1:      denvon_arrival_waterhouse, layout_loops_ring
D:2:      layout_rooms, basic_altar, basic_ecumenical_altar,
          minmay_misc_feat_ornament, minmay_quantized
D:3:      layout_basic, kennysheep_generic_room_10
D:4:      layout_rooms, lemuel_mausoleum_altar_kikubaaqudgha,
          mainiacjoe_overflow_surrounded_room
D:5:      layout_basic, general_overflow_altar,
          minmay_temple_entry_glassed_door, nicolae_ossuary_entry_ruins,
          corner_web_ring
D:6:      layout_basic, nicolae_overflow_hidden_temple
D:7:      layout_rooms, kennysheep_mini, nicolae_wooded_promenade
D:8:      layout_loops_ring, serial_shops, nicolae_shop_gaudy_bauble
D:9:      layout_roguey, uniq_erica
Temple:   grunt_temple_mini_profane

Skill      XL: |  1  2  3  4  5  6  7  8  9 |
---------------+----------------------------+-----
Long Blades    | 3 4 5 6 7 8 10 13 | 13.1
Shields        | 1 2 |  2.9
Invocations    | 1 |  1.4
Fighting       | |  2.2
Throwing       | |  1.7
Dodging        | |  2.9

Action                     |  1- 3 |  4- 6 |  7- 9 | 10-12 || total
---------------------------+-------+-------+-------+-------++-------
  Melee: Long sword        |   137 |   265 |   324 |    50 ||   776
         Tailslap          |     4 |    38 |    56 |    12 ||   110
         Punch             |       |     4 |    10 |       ||    14
  Throw: Javelin           |       |       |     3 |     2 ||     5
         Throwing net      |       |       |     3 |       ||     3
         Dart              |       |       |     1 |       ||     1
 Invoke: Heroism           |       |       |     6 |     1 ||     7
    Use: Potion            |       |     2 |     1 |     4 ||     7
         Scroll            |       |       |       |     1 ||     1
   Stab: Sleeping          |       |    10 |     5 |       ||    15
         Held in net/web   |       |       |     3 |       ||     3
         Invisible         |       |       |     4 |       ||     4
 Armour: Leather armour    |    48 |    76 |    69 |    11 ||   204
         Skin              |       |       |       |     1 ||     1
  Dodge: Dodged            |   110 |   148 |   127 |    19 ||   404
  Block: Other             |       |    25 |    35 |     1 ||    61

Table legend: (Time is in decaauts)
 A = Elapsed time spent in this place.
 B = Non-inter-level travel time spent in this place.
 C = Inter-level travel time spent in this place.
 D = Time resting spent in this place.
 E = Time spent auto-exploring this place.
 F = Levels seen in this place.
 G = Mean time per level.
                   A        B        C        D        E       F      G
               +--------+--------+--------+--------+--------+-----+--------+
         Total |   8625 |   8305 |    320 |   1767 |   4164 |  11 |  784.1 |
       Dungeon |   7886 |   7566 |    320 |   1535 |   4113 |   9 |  876.2 |
        Temple |     84 |     84 |      0 |      0 |     51 |   1 |   84.0 |
       Ossuary |    654 |    654 |      0 |    232 |      0 |   1 |  654.0 |
               +--------+--------+--------+--------+--------+-----+--------+

Top non-repeatable levels by time:
     D:3: 1127 daAuts
     D:6: 989 daAuts
     D:8: 970 daAuts
     D:1: 940 daAuts
     D:5: 906 daAuts
     D:4: 872 daAuts
     D:7: 744 daAuts
     D:9: 741 daAuts
 Ossuary: 654 daAuts
     D:2: 592 daAuts
  Temple: 84 daAuts
